 Dungeon Crawl Stone Soup version 0.13-a0-2832-g473017b (webtiles) character file.

12734 Edwin the Thaumaturge (level 11, -10/68 HPs)
             Began as a Mummy Venom Mage on Aug 27, 2013.
             Was an Elder of Sif Muna.
             Mangled by a spiny frog (12 damage)
             ... on Level 3 of the Lair of Beasts.
             The game lasted 01:23:20 (19632 turns).

Edwin the Thaumaturge (Mummy Venom Mage)           Turns: 19632, Time: 01:23:20

HP -10/68        AC  9     Str 17      XL: 11   Next: 59%
MP   3/28        EV 15     Int 18      God: Sif Muna [****..]
Gold 508         SH  0     Dex 13      Spells:  5 memorised, 14 levels left

Res.Fire  : x . .   See Invis. : .   q - +6,+4 dwarf short sword (venom)
Res.Cold  : + . .   Warding    : .   A - +2 robe {Archmagi}
Life Prot.: + + +   Conserve   : .   (no shield)
Res.Poison: +       Res.Corr.  : .   (no helmet)
Res.Elec. : .       Clarity    : .   f - +2 cloak "Plo Bra" {Dex+1 Int+1}
Sust.Abil.: . .     Spirit.Shd : .   z - +1 pair of dwarf gauntlets
Res.Mut.  : .       Stasis     : +   (no boots)
Res.Rott. : +       Flight     : .   c - amulet of stasis
Saprovore : . . .                    k - +6 ring of strength
                                     j - ring of wizardry

@: somewhat resistant to hostile enchantments, fairly stealthy
A: no food or potions, fire vulnerability, restore body, cold resistance 1, life
protection 3, poison resistance, torment resistance, unbreathing
a: Channel Energy, Forget Spell, Renounce Religion


You were on level 3 of the Lair of Beasts.
You worshipped Sif Muna.
Sif Muna was extremely pleased with you.
You were not hungry.

You visited 4 branches of the dungeon, and saw 15 of its levels.

You collected 983 gold pieces.
You spent 495 gold pieces at shops.

Inventory:

Hand weapons
 q - a +6,+4 dwarven short sword of venom (weapon)
Armour
 f - the +2 cloak "Plo Bra" (worn) {Dex+1 Int+1}
   (You found it on level 5 of the Dungeon)

   It affects your intelligence (+1).
   It affects your dexterity (+1).
 z - a +1 pair of dwarven gauntlets (worn)
 A - a +2 robe of the Archmagi (worn)
Magical devices
 d - a wand of fireball (5)
 u - a wand of lightning (5)
 v - a wand of fire (1)
 y - a wand of disintegration (18)
Scrolls
 e - 2 scrolls of fear
 g - 2 scrolls of fog
 l - 4 scrolls of teleportation
 n - 5 scrolls of identify
 o - 9 scrolls of remove curse
 t - a scroll of amnesia
Jewellery
 c - an amulet of stasis (around neck)
 i - an uncursed ring of see invisible
 j - a ring of wizardry (left hand)
 k - a +6 ring of strength (right hand)
 s - an uncursed amulet of warding
 x - an uncursed ring of protection from fire
Books
 a - a book of Battle

   Spells                             Type                      Level
   Infusion                           Charms                       1
   Shroud of Golubria                 Charms/Translocation         2
   Song of Slaying                    Charms                       2
   Spectral Weapon                    Hexes/Charms                 3
   Regeneration                       Charms/Necromancy            3
   Song of Shielding                  Charms                       4
 b - a Young Poisoner's Handbook

   Spells                             Type                      Level
   *Sting                             Conjuration/Poison           1
   Cure Poison                        Poison                       2
   *Mephitic Cloud                    Conjuration/Poison/Air       3
   *Olgreb's Toxic Radiance           Poison                       4
   Venom Bolt                         Conjuration/Poison           5
 h - a book of the Sky

   Spells                             Type                      Level
   *Flight                            Charms/Air                   3
   Airstrike                          Air                          4
   Silence                            Hexes/Air                    5
   Deflect Missiles                   Charms/Air                   6
   Conjure Ball Lightning             Conjuration/Air              7
   Tornado                            Air                          9
 r - a book of Power

   Spells                             Type                      Level
   *Iskenderun's Mystic Blast         Conjuration                  4
   Venom Bolt                         Conjuration/Poison           5
   Bolt of Magma                      Conjuration/Fire/Earth       5
   Fulminant Prism                    Conjuration/Hexes            5
   Iron Shot                          Conjuration/Earth            6
   Orb of Destruction                 Conjuration                  7
Magical staves
 m - an uncursed staff of wizardry


   Skills:
 + Level 7.1 Dodging
 - Level 1.5 Stealth
 + Level 9.7 Spellcasting
 + Level 7.1 Conjurations
 + Level 1.8 Charms
 + Level 2.8 Air Magic
 + Level 8.2 Poison Magic


You had 14 spell levels left.
You knew the following spells:

 Your Spells              Type           Power        Failure   Level  Hunger
a - Sting                 Conj/Pois      ####         1%          1    N/A
b - Mephitic Cloud        Conj/Pois/Air  #####...     1%          3    N/A
c - Olgreb's Toxic Radia  Pois           ######..     1%          4    N/A
d - Iskenderun's Mystic   Conj           ######..     1%          4    N/A
e - Flight                Chrm/Air       ####......   4%          3    N/A

Dungeon Overview and Level Annotations

Branches:
Dungeon (9/27)             Temple (1/1) D:7             Orc (2/4) D:7
   Lair (3/8) D:9
  Swamp: Lair:3-6    Shoals: Lair:3-6     Snake: Lair:3-6    Spider: Lair:3-6

Altars:
Cheibriados
Elyvilon
Fedhas
Kikubaaqudgha
Makhleb
Nemelex Xobeh
Okawaru
Sif Muna
Xom

Shops:
D:4 (+=   D:9 =

Annotations:
Orc:1 !URUG im O2
Orc:2 Urug


Innate Abilities, Weirdness & Mutations

You do not eat or drink.
Your flesh is vulnerable to fire.
Your flesh is cold resistant.
You are immune to negative energy.
Your system is resistant to poisons.
You are immune to unholy pain and torment.
You can survive without breathing.


Message History

Aiming: Iskenderun's Mystic Blast
Press: ? - help, Shift-Dir - straight line, f/p - spiny frog
Aim: a spiny frog (severely wounded)
You feel a surge of power!
The orb of energy hits the spiny frog.
The spiny frog is almost dead.
The orb of energy explodes!
The spiny frog stings you but does no damage.
Read which item? (? for menu, Esc to quit)
Okay, then.
The spiny frog stings you.
* * * LOW HITPOINT WARNING * * *
You hit the spiny frog.
The spiny frog is almost dead.
The spiny frog stings you!
* * * LOW HITPOINT WARNING * * *
The spiny frog barely misses you.
You hit the spiny frog.
The spiny frog is almost dead.
The spiny frog stings you!
You die...

..........#f...............######
....%.....##...####........#
...%......###..# #........##
.........## #..# #.........#
.##.##....###..# #........##
#######..f##...## #.........# # #
#...#.#..f###%....%...#####
#%#f###...##...###......%........
...............F@........<%......
..........................<...##.
.#####..#.#P......#..#......####
#...###..######.##...###
#..###...# #####..# #..# ##..#
#..## #..# #...# #...# #..# ##..#
##..## #### #### #.#.#


You could see a spiny frog.

Vanquished Creatures
  Joseph (Lair:1)
  A black mamba (Lair:2)
  3 spiny frogs
  A fire drake (Lair:3)
  2 komodo dragons
  Prince Ribbit (D:7)
  4 blink frogs (Lair:2)
  A basilisk (Lair:3)
  6 wolves (Lair:3)
  A hippogriff (Lair:3)
  A wyvern (D:8)
  A manticore (D:9)
  An ice beast (D:9)
  8 porcupines
  3 phantoms
  6 orc warriors
  A giant goldfish (Lair:1)
  12 ogres
  6 centaurs
  8 crocodiles
  A giant slug (Lair:2)
  3 water moccasins
  16 giant frogs
  10 killer bees
  A hippogriff skeleton (D:6)
  3 wights (D:9)
  6 crimson imps
  3 hounds
  A goliath beetle (D:7)
  4 orc wizards
  3 scorpions
  A centaur zombie (D:7)
  2 giant frog zombies
  2 orc priests (Orc:1)
  6 iguanas
  4 worker ants
  A sky beast zombie (D:5)
  19 sheep
  An ogre skeleton (D:7)
  2 hound zombies
  An ogre zombie (D:6)
  Terence (D:3)
  A jelly (D:6)
  2 hound skeletons (D:6)
  18 adders
  19 green rats
  4 giant centipedes
  5 worms
  2 giant mites
  An adder zombie (D:6)
  A scorpion zombie (D:6)
  14 giant geckos
  2 oozes
  41 orcs
  17 bats
  3 giant cockroaches
  21 goblins
  12 hobgoblins
  15 jackals
  17 kobolds
  5 giant newts
  A hobgoblin zombie (D:5)
  An orc zombie (D:6)
  12 quokkas
  22 rats
  2 ballistomycetes (D:8)
397 creatures vanquished.

Vanquished Creatures (collateral kills)
  A sheep (D:9)
1 creature vanquished.

Vanquished Creatures (others)
  A porcupine (D:9)
  A sheep (D:9)
  An orc (D:8)
  A giant spore (D:8)
4 creatures vanquished.

Grand Total: 402 creatures vanquished

Notes
Turn   | Place    | Note
--------------------------------------------------------------
     0 | D:1      | Edwin, the Mummy Venom Mage, began the quest for the Orb.
     0 | D:1      | Reached XP level 1. HP: 13/13 MP: 3/3
   404 | D:1      | Reached XP level 2. HP: 14/19 MP: 1/5
  1643 | D:2      | Reached XP level 3. HP: 20/24 MP: 0/7
  1648 | D:2      | Learned a level 3 spell: Mephitic Cloud
  2491 | D:2      | Reached XP level 4. HP: 30/30 MP: 2/9
  2787 | D:2      | Found a shimmering altar of Xom.
  2789 | D:2      | Found a white marble altar of Elyvilon.
  3150 | D:3      | Noticed Terence
  3293 | D:3      | Killed Terence
  3293 | D:3      | Reached skill level 4 in Spellcasting
  3606 | D:3      | Found a blossoming altar of Fedhas.
  3925 | D:3      | Learned a level 4 spell: Olgreb's Toxic Radiance
  3958 | D:4      | Found a burning altar of Makhleb.
  3958 | D:4      | Noticed a phantom
  4131 | D:4      | Reached XP level 5. HP: 35/35 MP: 2/12
  4214 | D:4      | Found Koraowec's Jewellery Shop.
  4240 | D:4      | Found Qaanloz's Book Boutique.
  4275 | D:4      | Found a snail-covered altar of Cheibriados.
  5136 | D:4      | Noticed an ogre
  5163 | D:4      | Killed an ogre
  5163 | D:4      | Reached skill level 5 in Spellcasting
  5443 | D:4      | Found Ulainut's Weapon Shoppe.
  5532 | D:5      | Entered Level 5 of the Dungeon
  5532 | D:5      | Noticed an ogre
  5540 | D:5      | Killed an ogre
  5540 | D:5      | Reached XP level 6. HP: 41/41 MP: 1/16
  5709 | D:5      | Got a faintly glowing cloak
  5710 | D:5      | Identified the +2 cloak "Plo Bra" {Dex+1 Int+1} (You found it on level 5 of the Dungeon)
  5741 | D:5      | Reached skill level 1 in Conjurations
  5831 | D:5      | Reached skill level 1 in Air Magic
  6234 | D:5      | Reached XP level 7. HP: 44/46 MP: 4/18
  6720 | D:6      | Reached skill level 6 in Spellcasting
  7197 | D:6      | Reached XP level 8. HP: 48/52 MP: 13/20
  8104 | D:6      | Found a sparkling altar of Nemelex Xobeh.
  8394 | D:7      | Reached skill level 5 in Poison Magic
  8578 | D:7      | Noticed Prince Ribbit
  8595 | D:7      | Killed Prince Ribbit
  8755 | D:7      | Reached skill level 7 in Spellcasting
  9207 | D:7      | Reached XP level 9. HP: 46/57 MP: 23/23
  9360 | D:7      | Found a staircase to the Ecumenical Temple.
  9366 | Temple   | Entered the Ecumenical Temple
  9370 | Temple   | Became a worshipper of Sif Muna the Loreminder
  9476 | D:7      | Found a staircase to the Orcish Mines.
 10165 | D:7      | Found an iron altar of Okawaru.
 10637 | Orc:1    | Entered Level 1 of the Orcish Mines
 10907 | Orc:1    | Acquired Sif Muna's first power
 11191 | Orc:2    | Noticed Urug
 11613 | D:5      | Reached skill level 8 in Spellcasting
 11759 | D:4      | Bought a book of Power for 495 gold pieces
 11765 | D:4      | Learned a level 4 spell: Iskenderun's Mystic Blast
 12142 | D:8      | Reached skill level 5 in Dodging
 12142 | D:8      | Reached skill level 5 in Conjurations
 12419 | D:8      | Reached XP level 10. HP: 63/63 MP: 19/25
 12782 | D:8      | Found an ancient bone altar of Kikubaaqudgha.
 12875 | D:8      | Acquired Sif Muna's second power
 14558 | D:9      | Got a slimy leather armour
 14559 | D:9      | Identified the cursed -1 leather armour of the Sea {Int-3} (You found it on level 9 of the Dungeon)
 14570 | D:9      | Found Dafi Mai's Jewellery Emporium.
 14754 | D:9      | Found a staircase to the Lair.
 15364 | Lair:1   | Entered Level 1 of the Lair of Beasts
 15370 | Lair:1   | Reached skill level 9 in Spellcasting
 16257 | Lair:1   | Noticed Joseph
 16359 | Lair:1   | Killed Joseph
 16359 | Lair:1   | Reached XP level 11. HP: 68/68 MP: 1/27
 17694 | Lair:2   | Acquired Sif Muna's third power
 17914 | Lair:2   | Learned a level 3 spell: Flight
 18621 | Lair:3   | Reached skill level 1 in Charms
 18747 | Lair:2   | Identified a scroll of acquirement
 19630 | Lair:3   | HP: 1/68 [spiny frog (13)]
 19632 | Lair:3   | Mangled by a spiny frog

Action                   |  1- 3 |  4- 6 |  7- 9 | 10-12 || total
-------------------------+-------+-------+-------+-------++-------
Melee: Dagger            |    32 |     3 |       |       ||    35
       Unarmed           |     4 |       |       |       ||     4
       Short sword       |       |    46 |   359 |   105 ||   510
Throw: Dagger            |     1 |       |       |       ||     1
 Cast: Sting             |    99 |   135 |   275 |   281 ||   790
       Mephitic Cloud    |       |     9 |    33 |    53 ||    95
       Olgreb's Toxic Ra |       |     4 |    19 |    17 ||    40
       Iskenderun's Myst |       |       |     8 |    86 ||    94
Invok: Channel Energy    |       |       |     2 |     5 ||     7
Evoke: Wand              |       |       |     1 |     4 ||     5
  Use: Scroll            |       |    11 |    11 |     9 ||    31
 Stab: Confused          |       |       |       |     1 ||     1
       Sleeping          |       |       |       |     2 ||     2
